 Dungeon Crawl Stone Soup version 0.29-a0-334-gb41bcbb86e (webtiles) character file.

Game seed: 219534935087093383

14 spaghetti the Changer (level 2, 21/24 HPs)
             Began as a Deep Dwarf Transmuter on Apr 15, 2022.
             Was an Initiate of Ashenzari.
             Quit the game on level 1 of the Dungeon.
             The game lasted 00:01:02 (482 turns).

spaghetti the Changer (Deep Dwarf Transmuter)        Turns: 482, Time: 00:01:02

Health: 21/24      AC:  2    Str: 13    XL:     2   Next: 31%
Magic:  2/4        EV: 12    Int: 13    God:    Ashenzari [......]
Gold:   22         SH:  0    Dex: 13    Spells: 1/4 levels left

rFire   . . .      SeeInvis .   l - +0 whip {mace}
rCold   . . .      Faith    .   (no shield)
rNeg    . . .      Spirit   .   a - +0 robe
rPois   .          Reflect  .   (helmet currently unavailable)
rElec   .          Harm     .   (no cloak)
rCorr   .          Rampage  .   (no gloves)
Will    .....                   (boots currently unavailable)
Stlth   +.........              (no amulet)
HPRegen 0.00/turn               (no ring)
MPRegen 0.09/turn               (no ring)

@: appendages (expiring), wereblooded
A: horns 2, talons 2, damage resistance, heal wounds, sense surroundings 1, no
regeneration
a: Heal Wounds, End Transformation, Renounce Religion


You were on level 1 of the Dungeon.
You worshipped Ashenzari.
Ashenzari was noncommittal.
You had temporarily grown beastly horns and talons.
You visited 1 branch of the dungeon, and saw 1 of its levels.

You collected 22 gold pieces.


Innate Abilities, Weirdness & Mutations

You have temporarily grown beastly horns and talons.
You are resistant to damage.
You can heal yourself by infusing magical energy.
You passively map a small area around you.
You do not regenerate.


   Skills:
 - Level 0.8 Fighting
 - Level 2.1 Dodging
 - Level 2.6 Unarmed Combat
 - Level 1.7 Spellcasting
 + Level 2.7 Transmutations


You had one spell level left.
You knew the following spells:

 Your Spells              Type           Power      Damage    Failure   Level
a - Beastly Appendage     Tmut           16%        N/A       9%          1
b - Wereblood             Tmut           8%         N/A       13%         2

Your spell library contained the following spells:

 Spells                   Type           Power      Damage    Failure   Level
 Spider Form              Tmut/Pois      4%         N/A       41%         3
 Ice Form                 Ice/Tmut       4%         N/A       83%         4

Inventory:

Hand Weapons
 c - a +0 club {mace}
   (You took it off a goblin on level 1 of the Dungeon)
 d - a +0 short sword {short}
   (You took it off a kobold on level 1 of the Dungeon)
 h - a +0 hand crossbow {crossbow}
   (You found it on level 1 of the Dungeon)
 i - a +0 dagger {short}
   (You took it off a goblin on level 1 of the Dungeon)
 j - a +0 dagger {short}
   (You took it off a goblin on level 1 of the Dungeon)
 l - a +0 whip (weapon) {mace}
   (You found it on level 1 of the Dungeon)
Missiles
 e - 2 stones {throwing}
 f - 5 curare-tipped darts {=fthrowing}
Armour
 a - a +0 robe (worn)
Scrolls
 g - a scroll of magic mapping {unknown}
 k - a scroll of blinking {unknown}
 m - a scroll of vulnerability {unknown}
 n - a scroll of identify {unknown}
 o - a scroll of enchant armour {unknown}
Potions
 b - 2 potions of lignification {!q}

Dungeon Overview and Level Annotations

Branches:
Dungeon (1/15)

Altars:
Ashenzari

.....#.#.#..#..#, , , , ,
...###.#.#..#..# , *### ,
###.##.#.#.....# ,,,..# ,
.......#.#....### ...##.
, ##.......#........
..... ,* *
#)...###........#....#
##....# #..#....♣♣...., ,
##...># #..#......♣.# * ,
###.#####..#..♣P@♣P♣#####
..+........#.#♣P..P......
#########.......P.♣.....>
......#
##......♣........,
##.#### #.#.#...........
##.## #.#.#....#......
....# #.#.#........#..
###### #.#.............
.....+,* #.###.#...#####.


There were no monsters in sight!


Message History

Your horns disappear.
Your talons disappear.
i - a +0 dagger {short}
There is an open door, spattered with blood here.
Things that are here:
a goblin corpse; a jackal corpse Memorise Wereblood, consuming 2 spell levels and leaving 1?
You start memorising the spell.
You continue memorising. x2
You finish memorising.
Spell assigned to 'b'.
j - a +0 dagger {short} You now have 6 gold pieces.
You now have 22 gold pieces (gained 16).
b - 2 potions of lignification {!q} (gained 1) Key pressed, stopping explore.
Key pressed, stopping explore.
k - a scroll labelled FAIL ROSEYDIV 😮 MP[+1]
Your mp is fully restored (4).
You open the door. You open the door.
There is an open door here.
A quokka comes into view.
l - a +0 whip {mace}
There are no items here.
l - a +0 whip (weapon)
{mace}
Casting: Beastly Appendage (safe; 9% risk of failure)
Confirm with . or Enter, or press ? or * to list all spells.
You grow a pair of large bovine horns.
Your feet morph into talons. 😮 MP[-1]
You lost 1 mp, and now have 3/4 mp.
Casting: Beastly Appendage (safe; 9% risk of failure)
Confirm with . or Enter, or press ? or * to list all spells.
Your blood is infused with primal strength. 😮 MP[-2]
You lost 2 mp, and now have 1/4 mp.
You hit the quokka but do no damage. The quokka completely misses you.
The quokka bites you but does no damage.
You barely miss the quokka. You claw the quokka.
Your headbutt misses the quokka. The quokka barely misses you.
You closely miss the quokka. Your kick misses the quokka. The quokka bites you.
You barely miss the quokka. Your kick misses the quokka.
The quokka closely misses you. The quokka misses you.
You hit the quokka.
You feel a bit better.
You kill the quokka! 😮 HP[+3]
You regained 3 hp, and now have 18/24 hp.
Your transformation is almost over.
Your horns disappear.
Your talons disappear.
Your primal bloodlust is almost over.
You howl as the wereblood boils in your veins!
You howl as the wereblood boils in your veins!
Your primal bloodlust has ended.
m - a scroll labelled XOITSAN FIGO 😮 MP[+3]
Your mp is fully restored (4).
You open the door.
There is an open door here.
Key pressed, stopping explore.
n - a scroll labelled HIROMEH IDOOZU You open the door.
There is an open door here.
Found a stone staircase leading down.
Found a faded altar of an unknown god.
o - a scroll labelled RISTRO ZO MOAFE
Found a stone staircase leading down.
A bat comes into view.
Casting: Wereblood (safe; 13% risk of failure)
Confirm with . or Enter, or press ? or * to list all spells.
Your blood is infused with primal strength.
The bat hits you but does no damage. 😮 MP[-2]
You lost 2 mp, and now have 2/4 mp.
Casting: Wereblood (safe; 13% risk of failure)
Confirm with . or Enter, or press ? or * to list all spells.
You grow a pair of large bovine horns.
Your feet morph into talons.
The bat closely misses you. 😮 MP[-1]
You lost 1 mp, and now have 1/4 mp.
You miss the bat. The bat closely misses you.
The bat hits you but does no damage. The bat completely misses you.
You hit the bat.
You feel a bit better.
You kill the bat! 😕 HP[+3]
You regained 3 hp, and now have 21/24 hp.
Found an escape hatch in the floor.
You howl as the wereblood boils in your veins!
You howl as the wereblood boils in your veins!
Your transformation is almost over.
You howl as the wereblood boils in your veins! 😕 MP[+1]
There is a faded altar of an unknown god here.
You cannot tell which god this altar belongs to.
Convert to them anyway?
Ashenzari accepts your prayer! Ashenzari welcomes you!
Ashenzari warns you of distant threats and treasures.
Ashenzari reveals the structure of the dungeon to you.
Ashenzari shows you where magical portals lie.
Unknown command.
Press < or > to pray at altars.
Unknown command.
Press < or > to pray at altars.
Are you sure you want to abandon this character and quit the game? (Confirm with "yes".)

Skill      XL: |  1 |
---------------+----+-----
Transmutations | 2 |  2.7
Fighting       | |  0.8
Dodging        | |  2.1
Unarmed Combat | |  2.6
Spellcasting   | |  1.7

Action                   || total
-------------------------++-------
Melee: Unarmed           ||    23
       Kick              ||     8
       Headbutt          ||     6
       Whip              ||     7
 Cast: Beastly Appendage ||     7
       Wereblood         ||     2
 Stab: Sleeping          ||     1
Armor: Robe              ||     5
Dodge: Dodged            ||    12

Levels and vault maps discovered:
D:1:      shiori_shiawase, layout_basic, ebering_ecumenical_altar_petrified

Notes
Turn   | Place    | Note
-------+----------+-------------------------------------------
     0 | D:1      | spaghetti the Deep Dwarf Transmuter began the quest for the
                  | Orb.
     0 | D:1      | Reached XP level 1. HP: 16/16 MP: 3/3
     0 | D:1      | magus.rc [v1.9.6]
    56 | D:1      | Reached skill level 2 in Transmutations
   232 | D:1      | Reached XP level 2. HP: 15/24 MP: 2/4
   241 | D:1      | Learned a level 2 spell: Wereblood
   451 | D:1      | Found a faded altar of an unknown god.
   481 | D:1      | Prayed at the altar of an unknown god.
   481 | D:1      | Became a worshipper of Ashenzari the Shackled
   482 | D:1      | Quit the game

Vanquished Creatures
  A hobgoblin (D:1)
  4 jackals (D:1)
  A kobold (D:1)
  A quokka (D:1)
  A ball python (D:1)
  A bat (D:1)
  3 goblins (D:1)
12 creatures vanquished.

Table legend:
 A = Non-vault XP
 B = Vault XP
 C = Vault XP percentage of total XP
 D = Non-vault monster count
 E = Vault monster count
 F = Vault count percentage of total count
                 A         B        C        D         E       F
            +---------+---------+-------+---------+---------+-------
      Total |      21 |       0 |   0.0 |      12 |       0 |   0.0
            +---------+---------+-------+---------+---------+-------
        D:1 |      21 |       0 |   0.0 |      12 |       0 |   0.0
            +---------+---------+-------+---------+---------+-------

Illustrated notes

Table legend:
 A = Kills in this place as a percentage of kills in entire the game.
 B = Kills by you in this place as a percentage of kills by you in the entire game.
 C = Kills by friends in this place as a percentage of kills by friends in the entire game.
 D = Other kills in this place as a percentage of other kills in the entire game.
 E = Experience gained in this place as a percentage of experience gained in the entire game.
 F = Experience gained in this place divided by the number of levels of this place that you have seen.
                   A       B       C       D       E      F
               +-------+-------+-------+-------+-------+----------------------
         Total | 100.0 | 100.0 |   N/A |   N/A | 100.0 |  21.0
       Dungeon | 100.0 | 100.0 |   N/A |   N/A | 100.0 |  21.0
               +-------+-------+-------+-------+-------+----------------------

Table legend: (Time is in decaauts)
 A = Elapsed time spent in this place.
 B = Non-inter-level travel time spent in this place.
 C = Inter-level travel time spent in this place.
 D = Time resting spent in this place.
 E = Time spent auto-exploring this place.
 F = Levels seen in this place.
 G = Mean time per level.
                   A        B        C        D        E       F      G
               +--------+--------+--------+--------+--------+-----+--------+
         Total |    481 |    481 |      0 |      0 |    381 |   1 |  481.0 |
       Dungeon |    481 |    481 |      0 |      0 |    381 |   1 |  481.0 |
               +--------+--------+--------+--------+--------+-----+--------+

Top non-repeatable levels by time:
     D:1: 481 daAuts
